[Event "Team 45 45 League T84"]
[Site "Internet Chess Club"]
[Date "2020.05.09"]
[Round "6"]
[White "cadmiumorange"]
[Black "LittleButton"]
[Result "1-0"]
[WhiteElo "1752"]
[BlackElo "1857"]
[Opening "Sicilian: Grand Prix attack"]
[ECO "B23"]
[Time "10:08:40"]
[TimeControl "2700+45"]

1. e4 c5 2. Nc3 Nc6 3. f4 g6 4. Nf3 Bg7 5. Bb5 Nd4 6. O-O Nxb5 7. Nxb5 d5 8. e5
d4 9. c3 a6 10. Na3 d3 11. Nc4 Nh6 12. b3 b5 13. Ne3 Bb7 14. Qe1 O-O 15. Bb2 Qb6
16. c4 Rad8 17. Qh4 f6 18. Rae1 Qa5 19. a3 Qxd2 20. Nxd2 {Black resigns} 1-0

[Event "Team 45 45 League T84"]
[Site "Internet Chess Club"]
[Date "2020.05.07"]
[Round "6"]
[White "room-matt"]
[Black "McDreasor"]
[Result "0-1"]
[WhiteElo "1784"]
[BlackElo "1659"]
[Opening "Sicilian: Grand Prix attack"]
[ECO "B23"]
[Time "13:04:57"]
[TimeControl "2700+45"]

1. e4 c5 2. Nc3 Nc6 3. f4 e6 4. Nf3 d5 5. Bb5 Ne7 6. exd5 exd5 7. Qe2 g6 8.
Bxc6+ bxc6 9. Ne5 Be6 10. O-O Bg7 11. Re1 O-O 12. Qf2 c4 13. Qc5 Qc7 14. b3 cxb3
15. axb3 Nf5 16. Ra6 Rfc8 17. Bb2 Qb7 18. Rea1 Bf8 19. Qf2 c5 20. Ne2 d4 21. g4
Ne7 22. h4 Bg7 23. Qg3 Qe4 24. Qd3 Qxd3 25. Nxd3 Bxg4 26. Ng3 Rc7 27. Ne4 Nf5
28. Ndxc5 Nxh4 29. R1a5 Nf3+ 30. Kf2 h5 31. Nf6+ Bxf6 32. Rxf6 Re8 33. Rfa6 Nxd2
34. Bxd4 Re2+ 35. Kg3 Kh7 36. Rxa7 Nf1+ 37. Kh4 Kh6 38. Bg1 Rxa7 39. Rxa7 f6 40.
Ra6 Rg2 {White resigns} 0-1

[Event "Team 45 45 League T84"]
[Site "Internet Chess Club"]
[Date "2020.05.09"]
[Round "6"]
[White "elmaestro"]
[Black "MathBandit"]
[Result "1-0"]
[WhiteElo "1688"]
[BlackElo "1716"]
[Opening "Queen's pawn: stonewall attack"]
[ECO "D00"]
[Time "14:09:55"]
[TimeControl "2700+45"]

1. d4 d5 2. e3 Nf6 3. Bd3 c5 4. c3 Nc6 5. h3 e5 6. dxe5 Nxe5 7. Bc2 Bd6 8. Nd2
O-O 9. Ngf3 Nc6 10. O-O Re8 11. Re1 Qc7 12. e4 Bd7 13. exd5 Nxd5 14. Ne4 Bf5 15.
Qxd5 {Black resigns} 1-0

[Event "Team 45 45 League T84"]
[Site "Internet Chess Club"]
[Date "2020.05.07"]
[Round "6"]
[White "Kingofknights"]
[Black "WillC"]
[Result "0-1"]
[WhiteElo "1531"]
[BlackElo "1577"]
[Opening "QGD Slav defense: exchange variation"]
[ECO "D10"]
[Time "17:01:14"]
[TimeControl "2700+45"]

1. d4 d5 2. c4 c6 3. cxd5 Qxd5 4. Nc3 Qa5 5. Nf3 Nf6 6. Bd2 Qb6 7. Qc2 g6 8. e3
Bg7 9. Bd3 Na6 10. Na4 Qc7 11. a3 O-O 12. Rc1 Nb8 13. b4 Qd8 14. O-O Nbd7 15. b5
cxb5 16. Bxb5 a6 17. Be2 b5 18. Nc5 Nxc5 19. Qxc5 Bb7 20. Qc7 Be4 21. Ba5 Qxc7
22. Rxc7 Nd5 23. Rc5 Rfc8 24. Rfc1 Rxc5 25. Rxc5 e6 26. Nd2 Nf6 27. Nxe4 Nxe4
28. Rc6 Bf8 29. f3 Nf6 30. Bb4 Bxb4 31. axb4 Nd5 32. e4 Nxb4 33. Rc5 Kf8 34. Kf2
Ra7 35. Ke3 Ke7 36. Kd2 Kd6 37. e5+ Kd7 38. f4 Rc7 39. Rxc7+ Kxc7 40. g3 Kb6 41.
Kc3 Nd5+ 42. Kb3 a5 43. h4 h5 44. Bd3 a4+ 45. Ka3 Ka5 46. Be4 b4+ 47. Kb2 Ne3
48. Bc6 b3 49. Be8 Kb4 50. Bxf7 a3+ 51. Kb1 Kc3 52. Bxe6 a2+ 53. Ka1 Nc2# {White
checkmated} 0-1

[Event "Team 45 45 League T84"]
[Site "Internet Chess Club"]
[Date "2020.05.06"]
[Round "6"]
[White "fishhead"]
[Black "QuieroAprender"]
[Result "1-0"]
[WhiteElo "1745"]
[BlackElo "1584"]
[Opening "Sicilian: Sozin, not Scheveningen"]
[ECO "B57"]
[Time "21:11:54"]
[TimeControl "2700+45"]

1. e4 c5 2. Nf3 d6 3. d4 cxd4 4. Nxd4 Nc6 5. Bc4 Nf6 6. Nc3 Bg4 7. f3 Bd7 8. Be3
Qb6 9. Qd2 Qxb2 10. Rb1 Qa3 11. Ncb5 Qa5 12. Nxc6 Qxd2+ 13. Kxd2 Bxc6 14. Nc7+
Kd8 15. Nxa8 b6 16. Nxb6 axb6 17. Rxb6 Kc7 18. Rhb1 Nd7 19. Ra6 e6 20. Ra7+ Kd8
21. a4 d5 22. exd5 exd5 23. Bb5 Bxb5 24. Rxb5 {Black resigns} 1-0

[Event "Team 45 45 League T84"]
[Site "Internet Chess Club"]
[Date "2020.05.08"]
[Round "6"]
[White "julesraider"]
[Black "Goli"]
[Result "0-1"]
[WhiteElo "1616"]
[BlackElo "1754"]
[Opening "Benkö gambit accepted"]
[ECO "A58"]
[Time "12:00:38"]
[TimeControl "2700+45"]

1. d4 Nf6 2. c4 c5 3. d5 b5 4. cxb5 a6 5. bxa6 Bxa6 6. Nf3 d6 7. g3 g6 8. Bg2
Bg7 9. O-O O-O 10. Nc3 Qa5 11. Qc2 Nbd7 12. Bd2 Rfb8 13. b3 Qc7 14. a4 Ng4 15.
Rfe1 Qb6 16. h3 Nge5 17. Rab1 Nxf3+ 18. Bxf3 Ne5 19. Bg2 Qa7 20. Be3 Qc7 21. f4
Nd7 22. g4 Bd4 23. Qd2 Qa7 24. Bxd4 cxd4 25. Nb5 Bxb5 26. axb5 Rxb5 27. Ra1 Qb7
28. Rxa8+ Qxa8 29. b4 Qa3 30. Qxd4 Rxb4 31. Qf2 Qc3 32. Rf1 Nf6 33. f5 g5 34.
Kh1 Rf4 35. Qe1 Rxf1+ 36. Qxf1 Qe5 37. Qf3 Qa1+ 38. Kh2 Qd4 39. Kh1 Kg7 40. Kh2
Nd7 41. Qe4 Qxe4 42. Bxe4 Kf6 43. Kg3 Ke5 44. Bf3 Nf6 45. Kf2 Nxd5 46. Bxd5 Kxd5
47. Ke3 Ke5 48. Kf3 d5 49. Ke3 e6 50. f6 Kxf6 51. Kd4 Ke7 52. e4 dxe4 53. Kxe4
Kd6 54. Kd4 f6 55. Ke4 Kc5 56. Ke3 Kd5 57. Kd3 e5 58. Ke3 e4 59. Kd2 Kd4 60. Ke2
e3 61. Kd1 Kd3 62. Ke1 e2 63. h4 gxh4 64. g5 fxg5 65. Kf2 Kd2 {White resigns}
0-1

[Event "Team 45 45 League T84"]
[Site "Internet Chess Club"]
[Date "2020.05.11"]
[Round "6"]
[White "cityprosecutor"]
[Black "Portola"]
[Result "1-0"]
[WhiteElo "1694"]
[BlackElo "1655"]
[Opening "French: King's Indian attack"]
[ECO "C00"]
[Time "10:01:53"]
[TimeControl "2700+45"]

1. e4 e6 2. d3 d5 3. Nd2 c5 4. g3 Nc6 5. Bg2 dxe4 6. dxe4 e5 7. Ngf3 Nf6 8. O-O
Bg4 9. h3 Bxf3 10. Qxf3 Qc7 11. c3 Be7 12. Nc4 O-O 13. Ne3 Rad8 14. Nf5 Rd7 15.
Bg5 Ne8 16. Nxe7+ Nxe7 17. Rfd1 Rxd1+ 18. Rxd1 f6 19. Be3 Nd6 20. Qg4 Ndc8 21.
Qe6+ Kh8 22. Rd7 Qa5 23. Rxe7 Nxe7 24. Qxe7 Rd8 25. Bxc5 Rd1+ 26. Kh2 h6 27. Bf3
Rd3 28. Qe8+ Kh7 29. Bh5 {Black resigns} 1-0

[Event "Team 45 45 League T84"]
[Site "Internet Chess Club"]
[Date "2020.05.11"]
[Round "6"]
[White "andrew37"]
[Black "scostanzo212"]
[Result "1-0"]
[WhiteElo "1623"]
[BlackElo "1535"]
[Opening "QGD Slav: Tolush-Geller gambit"]
[ECO "D15"]
[Time "17:07:03"]
[TimeControl "2700+45"]

1. Nf3 d5 2. d4 Nf6 3. c4 c6 4. Nc3 dxc4 5. e4 b5 6. e5 Nd5 7. Be2 Bf5 8. O-O h6
9. Nh4 Bh7 10. e6 Nf6 11. Bh5 Nxh5 12. Qxh5 g6 13. Qf3 f6 14. Nxb5 g5 15. Qh5+
Bg6 16. Qxg6# {Black checkmated} 1-0

[Event "Team 45 45 League T84"]
[Site "Internet Chess Club"]
[Date "2020.05.11"]
[Round "6"]
[White "fledermaus"]
[Black "Beetlejuice"]
[Result "1/2-1/2"]
[WhiteElo "1842"]
[BlackElo "1712"]
[Opening "Dutch with c4 & Nc3"]
[ECO "A85"]
[Time "14:03:39"]
[TimeControl "2700+45"]

1. d4 f5 2. c4 Nf6 3. Nc3 g6 4. h4 d6 5. h5 Nxh5 6. e4 fxe4 7. Rxh5 gxh5 8.
Qxh5+ Kd7 9. Qg4+ e6 10. Bg5 Be7 11. Be3 c6 12. d5 Qg8 13. Qxe4 Qg6 14. dxe6+
Kc7 15. Qd4 Bf6 16. Qd2 Bxe6 17. O-O-O Be7 18. Bf4 Rd8 19. c5 Bf7 20. f3 Na6 21.
Bxa6 bxa6 22. Ne4 Bd5 23. cxd6+ Bxd6 24. Qa5+ Kb7 25. Nxd6+ Rxd6 26. Qb4+ Kc7
27. Ne2 {Game drawn by mutual agreement} 1/2-1/2

[Event "Team 45 45 League T84"]
[Site "Internet Chess Club"]
[Date "2020.05.09"]
[Round "6"]
[White "justice02"]
[Black "CPTsopiens"]
[Result "1/2-1/2"]
[WhiteElo "1590"]
[BlackElo "1796"]
[Opening "Ruy Lopez: 5.O-O"]
[ECO "C78"]
[Time "17:00:50"]
[TimeControl "2700+45"]

1. e4 e5 2. Nf3 Nc6 3. Bb5 a6 4. Ba4 Nf6 5. O-O b5 6. Bb3 Bc5 7. Nxe5 Nxe5 8. d4
Bxd4 9. Qxd4 d6 10. c3 Bb7 11. f3 h6 12. Rd1 O-O 13. Bf4 Qe7 14. Nd2 c5 15. Qe3
c4 16. Bxe5 dxe5 17. Bc2 Nh5 18. Nf1 Rfd8 19. Kh1 Rd6 20. Rxd6 Qxd6 21. Rd1 Qc7
22. a3 Rd8 23. Rxd8+ Qxd8 24. Qd2 Qxd2 25. Nxd2 Bc8 26. b3 Be6 27. bxc4 bxc4 28.
Kg1 Nf6 29. Bb1 Nd7 30. Ba2 Nb6 31. Kf2 Kf8 32. Ke3 Ke7 33. g3 Kd6 34. f4 f6 35.
h4 Kc5 36. fxe5 fxe5 37. Nf3 Na4 38. Kd2 Kd6 39. Bb1 Nc5 40. Bc2 a5 41. Ke3 Bg4
42. Nd2 Be6 43. Bd1 Nd7 44. Be2 Kc5 45. g4 g6 46. g5 h5 47. Bd1 Nb6 48. Nf3 Kd6
49. Kd2 Nd7 50. Ke3 Nc5 51. Nd2 Nd7 52. Be2 Kc5 53. Bd1 Kd6 {Game drawn by
mutual agreement} 1/2-1/2

[Event "Team 45 45 League T84"]
[Site "Internet Chess Club"]
[Date "2020.05.07"]
[Round "6"]
[White "ghostfire"]
[Black "GoIrish"]
[Result "1/2-1/2"]
[WhiteElo "1669"]
[BlackElo "1514"]
[Opening "Scandinavian: Pytel-Wade variation"]
[ECO "B01"]
[Time "20:00:15"]
[TimeControl "2700+45"]

1. e4 d5 2. exd5 Qxd5 3. Nc3 Qd6 4. h3 Nf6 5. Nf3 a6 6. d4 b5 7. a3 Bb7 8. Be2
e6 9. Be3 Be7 10. Qd2 O-O 11. O-O Nbd7 12. Bf4 Qb6 13. Rad1 c5 14. Ne5 Rfd8 15.
Qe3 cxd4 16. Qxd4 Bc5 17. Nxd7 Bxd4 18. Nxb6 Bxb6 19. Rd3 Rac8 20. Rfd1 Nd5 21.
Nxd5 Bxd5 22. c3 Kf8 {Game drawn by mutual agreement} 1/2-1/2

[Event "Team 45 45 League T84"]
[Site "Internet Chess Club"]
[Date "2020.05.10"]
[Round "6"]
[White "Monterrey"]
[Black "Sloggi"]
[Result "0-1"]
[WhiteElo "1839"]
[BlackElo "2008"]
[Opening "QGD Slav: 4.Nc3"]
[ECO "D15"]
[Time "11:01:37"]
[TimeControl "2700+45"]

1. d4 d5 2. c4 c6 3. Nf3 Nf6 4. Nc3 a6 5. c5 Nbd7 6. Bf4 g6 7. g3 Bg7 8. Bg2 Nh5
9. Bd2 e5 10. dxe5 Nxe5 11. Nxe5 Bxe5 12. Bh6 Bg7 13. Bxg7 Nxg7 14. O-O Ne6 15.
Rc1 O-O 16. e4 d4 17. Ne2 d3 18. Nc3 Qd4 19. Na4 Rd8 20. b3 Ng5 21. Nb6 Rb8 22.
Rc4 Qb2 23. Nxc8 Rbxc8 24. f4 Ne6 25. Rf2 d2 26. Rc2 Qxc2 {White resigns} 0-1

[Event "Team 45 45 League T84"]
[Site "Internet Chess Club"]
[Date "2020.05.09"]
[Round "6"]
[White "LittleButton"]
[Black "laurenpar"]
[Result "0-1"]
[WhiteElo "1880"]
[BlackElo "1885"]
[Opening "Queen's pawn"]
[ECO "A40"]
[Time "03:07:37"]
[TimeControl "2700+45"]

1. d4 e6 2. Bf4 f5 3. Nc3 Nf6 4. g3 Bb4 5. e3 O-O 6. Bg2 Nd5 7. Ne2 g5 8. e4
Bxc3+ 9. bxc3 Nxf4 10. gxf4 fxe4 11. Bxe4 gxf4 12. Qd3 Qh4 13. Rg1+ Kh8 14. Qf3
d5 15. Bd3 Nc6 16. O-O-O Bd7 17. Rg4 Qh6 18. Rxf4 e5 19. dxe5 Nxe5 20. Qe3 Rae8
21. Rxf8+ Qxf8 22. Qd4 c5 23. Qxd5 Bc6 24. Qb3 Nxd3+ {White resigns} 0-1

[Event "Team 45 45 League T84"]
[Site "Internet Chess Club"]
[Date "2020.05.09"]
[Round "6"]
[White "fishhead"]
[Black "jjimalo"]
[Result "1-0"]
[WhiteElo "1764"]
[BlackElo "1784"]
[Opening "Sicilian: Najdorf, 7...Be7 main line"]
[ECO "B99"]
[Time "11:00:48"]
[TimeControl "2700+45"]

1. e4 c5 2. Nf3 d6 3. d4 cxd4 4. Nxd4 Nf6 5. Nc3 a6 6. Bg5 e6 7. f4 Be7 8. Qf3
Qc7 9. O-O-O Nbd7 10. Bd3 h6 11. Bh4 g5 12. fxg5 Ne5 13. Qe2 Nfg4 14. h3 Nxd3+
15. cxd3 hxg5 16. Bg3 Ne5 17. Kb1 Bd7 18. Rhf1 Rh7 19. Nf3 O-O-O 20. Rc1 Bc6 21.
Nd5 exd5 22. exd5 Nxf3 23. Qxf3 Kb8 24. dxc6 b5 25. d4 Rf8 26. d5 f5 27. Qa3 a5
28. Bf2 Bf6 29. Qd3 b4 30. Qb5+ Ka8 31. Bb6 Qf7 32. Qa6+ Kb8 33. c7+ {Black
resigns} 1-0

[Event "Team 45 45 League T84"]
[Site "Internet Chess Club"]
[Date "2020.05.08"]
[Round "6"]
[White "room-matt"]
[Black "bobhill"]
[Result "1-0"]
[WhiteElo "1803"]
[BlackElo "1839"]
[Opening "Sicilian: Grand Prix attack"]
[ECO "B21"]
[Time "13:03:53"]
[TimeControl "2700+45"]

1. e4 c5 2. f4 Nc6 3. Nf3 g6 4. Bb5 Bg7 5. Bxc6 bxc6 6. d3 Nf6 7. Nc3 O-O 8. O-O
d5 9. e5 Ng4 10. h3 Nh6 11. Qe1 Nf5 12. Na4 Nd4 13. Nxd4 cxd4 14. Qb4 f6 15. Re1
fxe5 16. fxe5 Rf5 17. Qxd4 Qf8 18. Bd2 Bh6 19. Bxh6 Qxh6 20. Qc5 Qf4 21. Qxc6
Qf2+ 22. Kh1 Rb8 23. Qc7 Rg5 24. Qd8+ Kg7 25. Qxe7+ Kh6 26. Rg1 Bxh3 27. gxh3
Qf3+ 28. Kh2 Qf4+ 29. Kh1 Qf3+ 30. Kh2 Qf2+ 31. Kh1 Rh5 32. Qd7 Qf3+ 33. Kh2
Rxe5 34. Rg2 Qf4+ 35. Kh1 Rf5 36. Re1 Rbf8 37. Reg1 R8f7 38. Qc6 R7f6 39. Qe8
Qf3 40. Kh2 Qf4+ 41. Rg3 Re5 42. Qd7 Re2+ 43. Kh1 Qd2 44. R3g2 Rxg2 45. Rxg2
Rf1+ 46. Rg1 Rf5 47. Qe6 Qxc2 48. Qe3+ Kg7 49. Nc5 Qxb2 50. Ne6+ Kg8 51. Qxa7
Rf2 52. Qa8+ Kf7 53. Ng5+ Ke7 54. Re1+ Kf6 55. Qd8+ Kf5 56. Qxd5+ Kf6 57. Re6+
Kg7 58. Qd7+ Kh6 59. Qxh7+ Kxg5 60. Qxg6+ Kf4 61. Qg4# {Black checkmated} 1-0

[Event "Team 45 45 League T84"]
[Site "Internet Chess Club"]
[Date "2020.05.10"]
[Round "6"]
[White "Ajolote"]
[Black "janh"]
[Result "1-0"]
[WhiteElo "1922"]
[BlackElo "1905"]
[Opening "Caro-Kann: two knights variation"]
[ECO "B11"]
[Time "19:02:06"]
[TimeControl "2700+45"]

1. e4 c6 2. Nc3 d5 3. Nf3 Nf6 4. e5 Ne4 5. d4 Nxc3 6. bxc3 e6 7. c4 c5 8. cxd5
Qxd5 9. Be2 Nc6 10. c4 Qe4 11. Be3 Nxd4 12. Nxd4 cxd4 13. Qxd4 Qxd4 14. Bxd4
Bb4+ 15. Kf1 Bd7 16. a3 Be7 17. Bf3 Rc8 18. Bxa7 Rxc4 19. g3 O-O 20. Kg2 Rc3 21.
Rhc1 Rfc8 22. Rxc3 Rxc3 23. a4 Bc6 24. Bxc6 Rxc6 25. Rb1 Rc7 26. a5 Rd7 27. Kf3
f6 28. exf6 gxf6 29. Rb5 Kf7 30. g4 Kg6 31. Ke4 Bd6 32. h4 Bf8 33. h5+ Kf7 34.
f4 h6 35. Bd4 Be7 36. Be3 Kg7 37. g5 fxg5 38. fxg5 hxg5 39. Bxg5 Bxg5 40. Rxg5+
Kf6 41. Rg6+ Kf7 42. Rg5 Kf6 43. Rb5 Rg7 44. Kd4 Rd7+ 45. Kc5 e5 46. h6 e4 47.
Rb2 Re7 48. Kd4 e3 49. Re2 Re5 50. h7 Rh5 51. Rxe3 Rxh7 52. Kc5 Rd7 53. Kb6 Kf7
54. Rc3 Ke7 55. Rc7 {Black resigns} 1-0

[Event "Team 45 45 League T84"]
[Site "Internet Chess Club"]
[Date "2020.05.09"]
[Round "6"]
[White "ANGELLR"]
[Black "MarcB"]
[Result "0-1"]
[WhiteElo "1799"]
[BlackElo "1891"]
[Opening "Queen's pawn, Mason variation"]
[ECO "D00"]
[Time "16:01:57"]
[TimeControl "2700+45"]

1. d4 d5 2. Bf4 c6 3. e3 Nf6 4. c4 e6 5. Nc3 Nbd7 6. Nf3 Be7 7. h3 O-O 8. Rc1
Re8 9. Bd3 dxc4 10. Bxc4 b5 11. Bd3 Bb7 12. O-O a6 13. Ne4 c5 14. Nd6 Bxd6 15.
Bxd6 c4 16. Bb1 Be4 17. Qe2 Bxb1 18. Rxb1 Qb6 19. Bh2 Ne4 20. Rbc1 Qa5 21. a3
Rac8 22. Ne5 Nxe5 23. Bxe5 f6 24. Qg4 fxe5 25. Qxe4 exd4 26. Qxd4 Qc7 27. f4
Rcd8 28. Qe4 Rd6 29. Qe5 Qb6 30. Rf3 Rd5 31. Qe4 Qd6 32. Rcf1 Rd2 33. R1f2 Rd1+
34. Kh2 Qd5 35. Qc2 Rd8 36. Qc3 Rd3 37. Qa5 Qc6 38. Rg3 Qd6 39. Rc2 Rc8 40. a4
b4 41. Qg5 Qd7 42. Qe5 g6 43. h4 Rd5 44. Qe4 Qc6 45. Kh3 Rd1 46. Qxc6 Rxc6 47.
Rg5 Kf7 48. Kg3 b3 49. Re2 c3 50. bxc3 Rxc3 51. Rb2 Rdd3 52. Kf2 Rxe3 53. Ra5
Red3 54. Rxa6 Rd1 55. Ke2 Rg1 56. Kd2 Rg3 57. Rb6 R1xg2+ 58. Kc1 Rc3+ 59. Kd1
Rxb2 60. a5 Ra2 61. a6 Rh3 {White resigns} 0-1

[Event "Team 45 45 League T84"]
[Site "Internet Chess Club"]
[Date "2020.05.09"]
[Round "6"]
[White "cayo89"]
[Black "ElValero"]
[Result "1-0"]
[WhiteElo "1602"]
[BlackElo "1739"]
[Opening "French: Schlechter variation"]
[ECO "C01"]
[Time "09:00:48"]
[TimeControl "2700+45"]

1. e4 e6 2. d4 d5 3. Bd3 c5 4. exd5 Qxd5 5. Nf3 Nf6 6. Nc3 Qd8 7. O-O Nc6 8. Bb5
Be7 9. Bxc6+ bxc6 10. Bg5 O-O 11. dxc5 Qa5 12. Re1 Qxc5 13. Qe2 Qb6 14. Rab1 Ba6
15. Qe5 Rfd8 16. Be3 c5 17. h3 h6 18. Ne4 Bb7 19. Nxf6+ Bxf6 20. Qxc5 Qxc5 21.
Bxc5 Bxf3 22. gxf3 Rd2 23. c3 a6 24. Be3 Rc2 25. Rec1 Rxc1+ 26. Rxc1 Rb8 27. b3
h5 28. Kf1 Kf8 29. Ke2 Rb5 30. c4 Ra5 31. Rc2 Be5 32. Bb6 Ra3 33. Bc5+ {Black
resigns} 1-0

[Event "Team 45 45 League T84"]
[Site "Internet Chess Club"]
[Date "2020.05.09"]
[Round "6"]
[White "Portola"]
[Black "Redman1"]
[Result "1-0"]
[WhiteElo "1673"]
[BlackElo "1532"]
[Opening "Queen's pawn"]
[ECO "A40"]
[Time "10:04:05"]
[TimeControl "2700+45"]

1. d4 e6 2. Nf3 f5 3. Bg5 Be7 4. Bxe7 Qxe7 5. c3 Nf6 6. Nbd2 d6 7. e3 b6 8. Be2
Bb7 9. O-O O-O 10. h3 Nbd7 11. Re1 Ne4 12. Rf1 Rf6 13. Nxe4 Bxe4 14. Nd2 Bb7 15.
Bf3 Bxf3 16. Nxf3 Raf8 17. Qe2 a5 18. Qc4 c5 19. dxc5 Nxc5 20. Qb5 Qc7 21. Rfe1
e5 22. Qc4+ Kh8 23. Rad1 e4 24. Nd4 f4 25. exf4 Rxf4 26. Rf1 Rxf2 27. b4 Rxf1+
28. Rxf1 Rxf1+ 29. Kxf1 axb4 30. cxb4 Na6 31. Qxa6 g6 32. Qa8+ Kg7 33. Ne6+
{Black resigns} 1-0

[Event "Team 45 45 League T84"]
[Site "Internet Chess Club"]
[Date "2020.05.09"]
[Round "6"]
[White "PolishRyszard"]
[Black "achessman"]
[Result "0-1"]
[WhiteElo "1791"]
[BlackElo "1835"]
[Opening "Queen's pawn: Chigorin variation"]
[ECO "D00"]
[Time "10:05:35"]
[TimeControl "2700+45"]

1. d4 d5 2. Nc3 c5 3. Bf4 Nc6 4. e3 cxd4 5. exd4 Bf5 6. Bd3 Bxd3 7. Qxd3 e6 8.
Nf3 Nf6 9. O-O Be7 10. Rfe1 O-O 11. h3 Rc8 12. Ne5 Qb6 13. Nxc6 Rxc6 14. Na4 Qa5
15. b3 Rfc8 16. Bd2 Qc7 17. c3 Ne4 18. Rac1 a6 19. Rxe4 dxe4 20. Qxe4 b5 21. Nb2
Qa5 22. Ra1 Rxc3 23. Nd1 b4 24. Nxc3 bxc3 25. Be1 Qa3 26. Qc2 Bf6 27. Rc1 Bxd4
28. Bd2 Qc5 29. Bf4 e5 30. Bg3 h6 31. Kh2 Rc6 32. Re1 Re6 33. Re2 Rc6 34. Re1 a5
35. Re2 a4 36. b4 Qxb4 37. Bxe5 Bxe5+ {White resigns} 0-1

[Event "Team 45 45 League T84"]
[Site "Internet Chess Club"]
[Date "2020.05.12"]
[Round "6"]
[White "QuieroAprender"]
[Black "cadmiumorange"]
[Result "0-1"]
[WhiteElo "1573"]
[BlackElo "1714"]
[Opening "Nimzovich-Larsen attack"]
[ECO "A01"]
[Time "14:09:57"]
[TimeControl "2700+45"]

1. b3 g6 2. Bb2 Nf6 3. c4 Bg7 4. e4 d6 5. h3 O-O 6. f3 e5 7. Nc3 Nc6 8. Bd3 Nh5
9. Nge2 Qh4+ 10. g3 Nxg3 11. Nxg3 Qxg3+ 12. Kf1 Nd4 13. Qe1 Bxh3+ 14. Rxh3 Qxh3+
{White resigns} 0-1

[Event "Team 45 45 League T84"]
[Site "Internet Chess Club"]
[Date "2020.05.12"]
[Round "6"]
[White "trombone"]
[Black "pishd"]
[Result "0-1"]
[WhiteElo "1786"]
[BlackElo "1810"]
[Opening "French: Rubinstein variation"]
[ECO "C03"]
[Time "11:05:06"]
[TimeControl "2700+45"]

1. e4 e6 2. d4 d5 3. Nd2 dxe4 4. Nxe4 Nd7 5. Nf3 Ngf6 6. Bd3 Nxe4 7. Bxe4 Nf6 8.
Bg5 h6 9. Bxf6 Qxf6 10. Qe2 c6 11. Ne5 Bd6 12. Nxc6 Bd7 13. Na5 Bb4+ 14. c3 Bxa5
15. Bxb7 Rb8 16. Ba6 Qxd4 17. O-O Qf4 18. Rad1 Bc6 19. Rd4 Qg5 20. Rg4 Qf6 21.
Qc4 e5 22. Rxg7 Qe6 23. Qe2 Qf6 24. Rg3 Bb6 25. Kh1 Kf8 26. Qc4 Qd6 27. Qg4 Qf6
28. Qb4+ Qe7 29. Qg4 Qf6 30. Qb4+ Ke8 31. Bb5 Bc7 32. Bxc6+ Qxc6 33. Qa3 Qb6 34.
Qa4+ Qb5 35. Qd1 Kf8 36. b3 Rg8 37. Rh3 Qc6 38. Rf3 Re8 39. Kg1 Qd6 40. Qc1 e4
41. Rh3 Rg6 42. g3 Bb6 43. Re1 Qf6 44. Qd2 Qf3 45. Qd1 Qxd1 46. Rxd1 e3 47. fxe3
Bxe3+ 48. Kg2 Bg5 49. a4 Re2+ 50. Kf1 Rc2 51. g4 Rf6+ 52. Kg1 Rff2 53. c4 Rg2+
54. Kh1 Rxg4 55. Re1 Rgg2 56. Rd1 Ke7 57. Rdd3 Rge2 58. Rd1 f6 59. Kg1 Bf4
{White resigns} 0-1

[Event "Team 45 45 League T84"]
[Site "Internet Chess Club"]
[Date "2020.05.09"]
[Round "6"]
[White "trombone"]
[Black "julesraider"]
[Result "1-0"]
[WhiteElo "1790"]
[BlackElo "1607"]
[Opening "Caro-Kann: two knights variation"]
[ECO "B11"]
[Time "13:02:10"]
[TimeControl "2700+45"]

1. e4 c6 2. Nc3 d5 3. Nf3 dxe4 4. Nxe4 Bg4 5. h3 Bh5 6. d4 e6 7. Bd3 Bxf3 8.
Qxf3 Qxd4 9. c3 Qd8 10. O-O Nd7 11. Bf4 Ngf6 12. Nd6+ Bxd6 13. Bxd6 Nb6 14. Qg3
Nc8 15. Ba3 Nh5 16. Qf3 Qd5 17. Be4 Qb5 18. Rad1 Ne7 19. Rd4 Nf6 20. Rb4 Qe5 21.
Rxb7 Qxe4 22. Rxe7+ Kd8 23. Qg3 Ne8 24. Rd1+ Kc8 25. f3 Qe3+ 26. Kh1 g6 27. Rdd7
Qb6 28. Qe5 Rg8 29. Bc5 Qb8 30. Qd4 Ng7 31. Rb7 Qxb7 32. Rxb7 Rd8 33. Qb4 Nf5
34. Bxa7 Nd6 35. Rb8+ Kd7 36. Rxa8 Rxa8 37. Bc5 Nb5 38. Qf4 f5 39. Qh6 Re8 40.
Qxh7+ Kc8 41. Qxg6 Nc7 42. Bd6 Nd5 43. Qxe8+ {Black resigns} 1-0

[Event "Team 45 45 League T84"]
[Site "Internet Chess Club"]
[Date "2020.05.11"]
[Round "6"]
[White "cap78red"]
[Black "rubo"]
[Result "1-0"]
[WhiteElo "1534"]
[BlackElo "1512"]
[Opening "English: symmetrical variation"]
[ECO "A35"]
[Time "15:00:46"]
[TimeControl "2700+45"]

1. c4 c5 2. Nc3 Nc6 3. e4 Nf6 4. f4 d6 5. d3 g6 6. Nf3 Bg4 7. Be2 Bg7 8. O-O O-O
9. Kh1 e5 10. Nxe5 Bxe2 11. Nxc6 Bxd1 12. Nxd8 Rfxd8 13. Rxd1 Ng4 14. Rf1 Bd4
15. Nb5 Nf2+ 16. Kg1 Nh3+ 17. Kh1 Nf2+ 18. Kg1 Nxd3+ 19. Nxd4 cxd4 20. Rd1 Nb4
21. a3 Nc6 22. b4 a6 23. Kf2 Re8 24. Kf3 Re7 25. Bb2 Rae8 26. b5 axb5 27. cxb5
Na5 28. Bxd4 Rxe4 29. Rd3 Nb3 30. Rxb3 Rxd4 31. Re3 Rxe3+ 32. Kxe3 Ra4 33. g3
Kf8 34. Kd3 f5 35. Kc3 Ke7 36. Kb3 Re4 37. Rc1 Kd7 38. b6 Re7 39. Rc7+ Kd8 40.
Rxe7 Kxe7 41. Kc4 Ke6 42. a4 d5+ 43. Kc5 d4 44. Kxd4 Kd6 45. Kc4 Kc6 46. a5 h6
47. h4 h5 48. Kb4 Kd6 49. Kb5 Kd7 50. a6 bxa6+ 51. Kxa6 Kc8 52. Ka7 {Black
resigns} 1-0

[Event "Team 45 45 League T84"]
[Site "Internet Chess Club"]
[Date "2020.05.08"]
[Round "6"]
[White "olivermx"]
[Black "CMAlge"]
[Result "1-0"]
[WhiteElo "1302"]
[BlackElo "1204"]
[Opening "Ruy Lopez: Berlin defense"]
[ECO "C65"]
[Time "17:22:34"]
[TimeControl "2700+45"]

1. e4 e5 2. Nf3 Nc6 3. Bb5 Nf6 4. d3 Bc5 5. c3 a6 6. Ba4 b5 7. Bc2 Ba7 8. O-O
O-O 9. Bg5 h6 10. Bh4 d6 11. h3 Bb7 12. Re1 Re8 13. Nbd2 Nb8 14. Nf1 Nbd7 15.
Qd2 c5 16. Ne3 Qb6 17. Nf5 Kf8 18. a3 d5 19. Nh2 Nh5 20. Nf1 Nf4 21. Bg3 Bb8 22.
Qd1 Nf6 23. Qf3 N6h5 24. Bxf4 Nxf4 25. Kh2 c4 26. d4 exd4 27. g3 dxe4 28. Bxe4
Bxe4 29. Rxe4 Ne6 30. Nxd4 Nc7 31. Rxe8+ Kxe8 32. Re1+ Kf8 33. Kg2 Ra7 34. Qe3
Qb7+ 35. Kh2 Ne6 36. Nxe6+ fxe6 37. Qxe6 Qe7 38. Qc8+ Kf7 39. Rxe7+ Rxe7 40.
Qxb8 Re2 41. Qb7+ Kg8 42. Kg2 Rxb2 43. Qxa6 Rb3 44. Ne3 Rxc3 45. Qxb5 {Black
resigns} 1-0

[Event "Team 45 45 League T84"]
[Site "Internet Chess Club"]
[Date "2020.05.08"]
[Round "6"]
[White "LuFran"]
[Black "Bumun"]
[Result "1/2-1/2"]
[WhiteElo "1703"]
[BlackElo "1720"]
[Opening "Scandinavian defense"]
[ECO "B01"]
[Time "16:00:14"]
[TimeControl "2700+45"]

1. e4 d5 2. exd5 Nf6 3. Bb5+ Nbd7 4. d4 a6 5. Be2 Nxd5 6. Nf3 e6 7. O-O Be7 8.
c4 N5f6 9. Nc3 b6 10. Bf4 Bb7 11. h3 O-O 12. Qc2 c5 13. Rad1 cxd4 14. Rxd4 Bc5
15. Rdd1 Qe7 16. Ne5 Rfd8 17. Nxd7 Rxd7 18. Rxd7 Nxd7 19. Ne4 e5 20. Nxc5 Nxc5
21. Be3 a5 22. Rd1 Rd8 23. Rxd8+ Qxd8 24. Qd1 Qc7 25. Bf3 e4 26. Be2 f5 27. b3
f4 28. Bd4 Ne6 29. Bb2 Ng5 30. Qd4 f3 31. Bf1 fxg2 32. Bxg2 Nf3+ 33. Bxf3 exf3
34. Qg4 Qe7 35. Bd4 {Game drawn by mutual agreement} 1/2-1/2

[Event "Team 45 45 League T84"]
[Site "Internet Chess Club"]
[Date "2020.05.09"]
[Round "6"]
[White "liujf"]
[Black "VictorRed"]
[Result "1-0"]
[WhiteElo "1599"]
[BlackElo "1545"]
[Opening "Queen's pawn"]
[ECO "A40"]
[Time "20:02:27"]
[TimeControl "2700+45"]

1. d4 c6 2. c3 d5 3. Bf4 Nf6 4. e3 g6 5. Bd3 Nh5 6. Be5 f6 7. Bg3 Nxg3 8. hxg3
Bg7 9. Rxh7 Rxh7 10. Bxg6+ Kf8 11. Bxh7 Be6 12. Bd3 Qd7 13. Nd2 b5 14. Nb3 Bf7
15. Nc5 Qc7 16. Qg4 Qd6 17. Qc8+ {Black resigns} 1-0